Map: Catallena LE (Void)

Players

CKReD

  • Race: Terran Terran
  • League: Platinum
  • Spawn Location: 5:00

Panda - Winner!

  • Race: Zerg Zerg
  • Spawn Location: 12:00

VOD

Have the link to the VOD?

Description

Time

  • Played on: Aug. 30, 2017, 5:21 a.m.
  • Length: 4:46
Show
View Real Time Build Order
Export as new Build Order

CKReD Terran 

Build Orders:  

Get SALT Encoding   

  12  0:01  SCV  
  13  0:13  SCV  
  14  0:21  Supply Depot  
  14  0:25  SCV  
  15  0:29  Refinery  
  15  0:42  SCV  
  16  0:46  Barracks  
  16  0:54  SCV  
  17  1:06  SCV  
  18  1:18  SCV  
  19  1:34  Command Center  
  19  1:38  Marine  
  20  1:51  Supply Depot  
  20  1:56  Orbital Command  
  20  2:01  Barracks Reactor  
  20  2:16  Factory  
  20  2:22  Refinery  
  20  2:36  Supply Depot  
  20  2:49  Orbital Command  
  19  3:11  Hellion x2  
  23  3:32  Hellion  
  25  3:40  Hellion  
  25  3:49  Starport  
  25  3:53  Hellion  
  27  4:01  Hellion  
  28  4:12  Barracks Tech Lab  
Show
View Real Time Build Order
Export as new Build Order

Panda Zerg - Winner!

Build Orders: Pool First 

Get SALT Encoding   

  12  0:01  Drone  
  13  0:13  Overlord  
  13  0:21  Drone  
  14  0:32  Drone  
  14  0:33  Drone  
  14  0:35  Drone  
  17  0:46  Extractor  
  17  0:47  Drone  
  17  0:52  Spawning Pool  
  16  0:57  Drone  
  17  1:23  Overlord  
  17  1:35  Hatchery  
  17  1:38  Queen  
  18  1:47  Metabolic Boost  
  18  1:53  Zergling x2  
  19  1:56  Drone  
  20  2:13  Roach Warren  
  19  2:19  Zergling x4  
  19  2:20  Zergling x2  
  22  2:53  Roach  
  22  2:54  Roach x4  
  22  2:55  Overlord  
  32  3:03  Overlord  
  32  3:23  Roach x2  
  32  3:24  Roach  
  32  3:25  Zergling x2  
  38  3:44  Roach x3  
  44  3:56  Ravager  
  45  4:14  Zergling x10  
Tags
 
League
Platinum
Matchup
TvZ
Opening
Pool First
Replay Pack
replays1
Spawn Locations
Cross Positions
Add a new tag
Caveats
  • Supply blocks, unpowered buildings, or Contaminate may cause inaccurate times.
  • Supply counts are checked every 10 seconds.